 Dungeon Crawl Stone Soup version 0.27.0-1-g7a089689b8 (webtiles) character file.

Game seed: 8022528509296928321

364 shoop the Sneak (level 7, -4/41 HPs)
             Began as a Kobold Delver on Aug 9, 2021.
             Was a Follower of Uskayaw.
             Slain by a black bear (5 damage)
             ... on level 5 of the Dungeon.
             The game lasted 00:11:46 (5405 turns).

shoop the Sneak (Kobold Delver)                     Turns: 5405, Time: 00:11:47

Health: -4/41      AC:  4    Str: 10    XL:     7   Next: 0%
Magic:  2/10       EV: 15    Int: 12    God:    Uskayaw [*.....]
Gold:   160        SH:  0    Dex: 21    Spells: 8/10 levels left

rFire    . . .     SeeInvis .   b - +1 dagger
rCold    . . .     Faith    .   (shield restricted)
rNeg     + . .     Spirit   .   l - +0 leather armour
rPois    .         Reflect  .   (no helmet)
rElec    .         Harm     .   (no cloak)
rCorr    .         Rampage  .   (no gloves)
Will     .....                  j - +0 pair of boots
Stlth    +++++.....             (no amulet)
HPRegen  0.13/turn              i - ring of positive energy
MPRegen  0.12/turn              n - ring of wizardry

@: no status effects
A: small, no large weapons, nightstalker 3, agile 2, sturdy frame 1
a: Renounce Religion, Stomp


You were on level 5 of the Dungeon.
You worshipped Uskayaw.
Uskayaw was noncommittal.
You visited 1 branch of the dungeon, and saw 5 of its levels.

You collected 160 gold pieces.

Inventory:

Hand Weapons
 a - a +0 short sword
 b - a +1 dagger (weapon)
 o - a +0 broad axe
Missiles
 h - 14 poisoned darts (quivered)
Armour
 j - a +0 pair of boots (worn)
 l - a +0 leather armour (worn)
Jewellery
 i - a ring of positive energy (left hand)
 n - a ring of wizardry (right hand)
Wands
 g - a wand of digging (10)
Scrolls
 c - a scroll of fog
 d - 3 scrolls of teleportation {unknown}
 e - 2 scrolls of identify
 f - 2 scrolls of enchant weapon
 k - a scroll of amnesia
 m - a scroll of blinking {unknown}
 p - a scroll of noise {unknown}
 q - a scroll of holy word
 t - a scroll of acquirement {unknown}
 u - a scroll of summoning {unknown}
Potions
 r - a potion of haste


   Skills:
 - Level 3.2 Fighting
 - Level 6.0 Short Blades
 - Level 1.0 Throwing
 - Level 2.4 Dodging
 - Level 6.6 Stealth
 + Level 2.2 Spellcasting
 * Level 3.2 Hexes
 + Level 2.1 Ice Magic


You had 8 spell levels left.
You knew the following spells:

 Your Spells              Type           Power      Damage    Failure   Level
a - Ensorcelled Hibernat  Hex/Ice        14%        N/A       6%          2

Your spell library contained the following spells:

 Spells                   Type           Power      Damage    Failure   Level
 Spider Form              Tmut/Pois      0%         N/A       32%         3
 Shadow Creatures         Summ           N/A        N/A       100%        6


Dungeon Overview and Level Annotations

Branches:
Dungeon (5/15)             Temple (0/1) D:4

Altars:
Uskayaw
Xom

Shops:
D:4 (

Annotations:
D:3 exclusions: 2 giant cockroaches, jackal and orc warrior
D:4 exclusions: adder and water moccasin, Dowan, Duvessa, Edmund
D:5 exclusions: black bear and gnoll


Innate Abilities, Weirdness & Mutations

You are small and have problems with some larger weapons.
You are completely attuned to the shadows.
You are very agile. (Dex +4)
Your movements are slightly less encumbered by armour. (ER -2)


Message History

The black bear is heavily wounded.
The black bear bites you. The black bear claws you. x2
You hit the black bear.
The black bear is heavily wounded.
The black bear closely misses you. The black bear claws you.
* * * LOW HITPOINT WARNING * * *
The black bear closely misses you.
You completely miss the black bear.
The black bear is heavily wounded.
You hit the black bear but do no damage.
The black bear is heavily wounded.
The black bear bites you!
* * * LOW HITPOINT WARNING * * *
The black bear barely misses you. The black bear misses you.
It was a potion of mutation.
You feel extremely strange.
You feel less encumbered by your armour.
You feel agile. x2
The black bear bites you but does no damage.
The black bear misses you. The black bear claws you.
* * * LOW HITPOINT WARNING * * *
Okay, then.
Okay, then.
As you read the scroll labelled OLAJYRCH DIBBIKK, it crumbles to dust.
It is a scroll of enchant weapon.
Your +0 dagger glows red for a moment.
The black bear completely misses you.
The black bear claws you but does no damage.
The black bear closely misses you.
As you read the scroll labelled PODWYA UFYICANT, it crumbles to dust.
It is a scroll of identify.
q - a scroll of holy word The black bear barely misses you.
The black bear claws you.
* * * LOW HITPOINT WARNING * * *
The black bear closely misses you.
As you read the scroll labelled AHAERE YCWU, it crumbles to dust.
It is a scroll of amnesia.
Forget Ensorcelled Hibernation, freeing 2 spell levels for a total of 10?
Really abort (and waste the scroll)?
Okay, then.
The black bear bites you.
You die...

*,** ***,* *,,,,,,,,,* *,* *,,,*
**,,,,***** *,* *,*** ****,* *+**
*,* #.# ,,,** *,* #.# # ,,,,**
#*,* ###.# ## ,,,,,** *#.,*
##.#.# ##.
,,,,,,****...###########....###..
,,,,,,+,,,....hh@.............'..
,,,,,,****...#########.#...####..
,,,,,** *,..,,,,,* #.##.## ##.
,,,,** *,#*,***,* #.#### ## ,,,**
*,**,* *,* #.# * *+** *,**>*
*,*####.### *,* *,*,,*
*,*#......# *,* *,*,**
*,*#.##.#.# *,** *,*,*
*,*#.##.#.######


You could see a black bear and a hound.

Vanquished Creatures
  An ogre (D:5)
  A scorpion (D:4)
  A water moccasin skeleton (D:5)
  A centaur zombie (D:5)
  A hound (D:4)
  2 adders (D:2)
  A gnoll (D:5)
  An ufetubus (D:4)
  A worm (D:3)
  4 dart slugs
  An orc (D:3)
  7 bats
  10 endoplasms
  4 giant cockroaches
  3 goblins
  12 hobgoblins
  A jackal (D:3)
  9 kobolds
  2 quokkas
  4 ball pythons
  2 frilled lizards (D:2)
  4 rats
73 creatures vanquished.

Notes
Turn   | Place    | Note
-------+----------+-------------------------------------------
     0 | D:5      | shoop the Kobold Delver began the quest for the Orb.
     0 | D:5      | Reached XP level 1. HP: 14/14 MP: 1/1
    10 | D:5      | Found a hide-covered altar of Uskayaw.
    14 | D:5      | Became a worshipper of Uskayaw the Reveller
   142 | D:5      | Reached * piety under Uskayaw
   178 | D:5      | Noticed an ogre
   179 | D:5      | Reached ** piety under Uskayaw
   180 | D:5      | Killed an ogre
   181 | D:5      | Reached XP level 2. HP: 3/19 MP: 2/2
   181 | D:5      | Reached XP level 3. HP: 4/23 MP: 3/3
   181 | D:5      | Reached XP level 4. HP: 5/28 MP: 4/4
   185 | D:5      | Learned a level 2 spell: Ensorcelled Hibernation
   441 | D:5      | Noticed a black bear
   498 | D:5      | Found a shimmering altar of Xom.
   830 | D:4      | Reached skill level 1 in Throwing
   883 | D:3      | Noticed a water moccasin
  1154 | D:1      | Reached XP level 5. HP: 32/32 MP: 5/5
  1242 | D:1      | Noticed a merfolk
  1242 | D:1      | Noticed a demonspawn
  1246 | D:1      | Noticed an octopode
  1247 | D:1      | Noticed an elf
  1255 | D:1      | Noticed an octopode
  1263 | D:1      | Noticed a naga
  1267 | D:1      | Noticed a troll
  1322 | D:1      | Found a faded altar of an unknown god.
  1627 | D:1      | Reached skill level 1 in Hexes
  2895 | D:2      | Reached skill level 1 in Spellcasting
  3186 | D:3      | Noticed an orc warrior
  3244 | D:3      | Reached skill level 1 in Ice Magic
  3782 | D:4      | Noticed Edmund
  3902 | D:4      | Found a staircase to the Ecumenical Temple.
  3972 | D:4      | Reached XP level 6. HP: 27/37 MP: 6/8
  4291 | D:4      | Noticed Dowan
  4382 | D:4      | Noticed a water moccasin
  4434 | D:4      | Found Neynown's Weapon Shoppe.
  4850 | D:4      | Noticed Duvessa
  5338 | D:5      | Reached XP level 7. HP: 41/41 MP: 10/10
  5402 | D:5      | Gained mutation: Your movements are slightly less
                  | encumbered by armour. (ER -2) [potion of mutation]
  5402 | D:5      | Gained mutation: You are agile. (Dex +2) [potion of
                  | mutation]
  5402 | D:5      | Gained mutation: You are very agile. (Dex +4) [potion of
                  | mutation]
  5404 | D:5      | HP: 1/41 [black bear (2)]
  5405 | D:5      | Slain by a black bear

Illustrated notes

Levels and vault maps discovered:
D:1:      shiori_arrival_whats_in_store_for_you, layout_loops_cross,
          dreamdust_ecumenical_altar_angels_and_demons
D:2:      layout_basic
D:3:      layout_basic, tso_oasis_becter, st_stairs_10
D:4:      layout_loops_corners, minmay_temple_entry_grid, serial_shops,
          nicolae_lakefront_shop, minmay_misc_feat_five, uniq_edmund,
          uniq_duvessa
D:5:      layout_loops_corners, mainiacjoe_overflow_six_doors_small,
          mainiacjoe_overflow_24_doors, uniq_crazy_yiuf_cottage

Skill      XL: |  1  2  3  4  5  6 |
---------------+-------------------+-----
Short Blades   | 6 |  6.0
Throwing       | 1 |  1.0
Hexes          | 2 3 |  3.2
Spellcasting   | 1 2 |  2.2
Ice Magic      | 1 2 |  2.1
Fighting       | |  3.2
Dodging        | |  2.4
Stealth        | |  6.6

Action                   |  1- 3 |  4- 6 |  7- 9 || total
-------------------------+-------+-------+-------++-------
Melee: Short sword       |     9 |   163 |       ||   172
       Dagger            |       |    38 |    19 ||    57
Throw: Dart              |       |     8 |       ||     8
 Cast: Ensorcelled Hiber |       |     8 |     5 ||    13
  Use: Potion            |     1 |     4 |     1 ||     6
       Scroll            |       |     3 |     3 ||     6
 Stab: Sleeping          |     1 |    37 |       ||    38
       Distracted        |       |     2 |       ||     2
Armor: Leather armour    |     5 |    46 |     9 ||    60
       Skin              |       |     8 |       ||     8
Dodge: Dodged            |     7 |   133 |    28 ||   168
